 Dungeon Crawl Stone Soup version 0.31-a0-986-g5e6e4ef867 (webtiles) character file.

Game seed: 17182990477826567290

412 gelatine the Chopper (level 6, -11/48 HPs)
             Began as a Demonspawn Fighter on Nov 15, 2023.
             Killed from afar by an oklob plant (22 damage)
             ... with a splash of acid
             ... on level 3 of the Dungeon.
             The game lasted 00:05:56 (2673 turns).

gelatine the Chopper (Demonspawn Fighter)           Turns: 2673, Time: 00:05:57

Health: -11/48     AC:  8    Str: 18    XL:     6   Next: 59%
Magic:  6/6        EV:  9    Int:  9    God:
Gold:   99         SH:  4    Dex: 13    Spells: 5/5 levels left

rFire   . . .        a - +0 war axe
rCold   . . .        c - +0 buckler
rNeg    . . .        b - +0 scale mail
rPois   .            q - +0 helmet
rElec   .            j - +0 cloak
rCorr   .            (no gloves)
SInv    .            (no boots)
Will    .....        r - amulet of regeneration Stlth
                     (no ring)
HPRegen 1.08/turn    (no ring)
MPRegen 0.10/turn

%: no passive effects
@: corroded
A: slimy green scales 2, ignite blood 1, demonic touch 1
a: no special abilities


You were on level 3 of the Dungeon.
You visited 1 branch of the dungeon, and saw 3 of its levels.

You collected 99 gold pieces.

Inventory:

Hand Weapons
 a - a +0 war axe (weapon)
Armour
 b - a +0 scale mail (worn)
 c - a +0 buckler (worn)
 j - a +0 cloak (worn)
 q - a +0 helmet (worn)
Jewellery
 i - a ring of ice
 r - an amulet of regeneration (around neck)
Scrolls
 g - 3 scrolls of fear {unknown}
 k - a scroll of immolation {unknown}
 l - a scroll of identify {unknown}
 n - a scroll of vulnerability {unknown}
 p - a scroll of teleportation {unknown}
Potions
 d - a potion of brilliance {unknown}
 e - a potion of mutation {unknown}
 f - a potion of resistance {unknown}
 h - 3 potions of curing {unknown}
 m - a potion of lignification {unknown}
 o - a potion of might


   Skills:
 + Level 4.1 Fighting
 + Level 4.3 Axes
 + Level 1.0 Throwing
 + Level 3.8 Armour
 + Level 1.5 Dodging
 + Level 0.1 Stealth
 + Level 3.1 Shields


You had 5 spell levels left.
You didn't know any spells.
Your spell library contained the following spells:

 Spells                   Type           Power      Damage    Failure   Level
 Cigotuvi's Dreadful Rot  Necr/Pois/Air  0%         N/A       94%         2
 Dispel Undead            Necr           0%         3d6       100%        4
 Death Channel            Necr           0%         N/A       100%        6


Dungeon Overview and Level Annotations

Branches:
Dungeon (3/15)

Altars:
Fedhas
Qazlal

Annotations:
D:3 exclusion: oklob plant


Innate Abilities, Weirdness & Mutations

You are mostly covered in slimy green scales. (AC +3)
Your demonic aura sometimes causes spilled blood to erupt in flames.
Your touch may inflict minor irresistible damage on your foes.


Message History

You hit the plant.
The plant begins to die.
You slash the plant!
The plant is lightly damaged.
You hit the plant. You slash the plant!
The plant is lightly damaged.
You hit the plant.
A nearby plant withers and dies. x2
You hit the plant.
The plant begins to die.
The plant is lightly damaged.
You hit the plant.
The plant begins to die.
You hit the plant.
The plant begins to die.
You slash the plant!
The plant begins to die.
You hit the plant.
The plant is lightly damaged.
You slash the plant! You hit the plant. x2
You slash the plant!
The plant is lightly damaged.
You hit the plant. You slash the plant! You hit the plant.
A nearby plant withers and dies. x2
A nearby plant withers and dies. x2
The oklob plant spits acid at you. The splash of acid misses you.
The splash of acid hits the plant!!
The acid corrodes the plant!
The plant begins to die.
You hit the oklob plant.
The oklob plant is lightly damaged.
You hit the plant.
The plant begins to die.
The oklob plant spits acid at you. The splash of acid hits you!!
Ouch! That really hurt!
The acid corrodes you!
Unknown command.
Unknown command.
Unknown command.
Unknown command.
The oklob plant spits acid at you. The splash of acid hits you!!
* * * LOW HITPOINT WARNING * * *
A nearby plant withers and dies. x2
The oklob plant spits acid at you. The splash of acid hits you!!
You die...

##PP#.PPPPP♣♣♣P♣P♣P.#
#PPP#PP♣..P.PP#P..P.#
#P...#PPP.P♣PPP♣..PP#
#♣#PP.♣PP.P♣PPPP...##
#..♣.P........PP..♣.#
#.P.P..≈~~~~...P..PP#
#P♣P..~~≈≈≈~~....PP♣#
#PP..~≈≈≈≈≈~~≈....P♣#
##P.~≈≈≈~~≈)≈≈~.@PPP#
###.~≈≈~...~~~~..PPP#
....~≈≈~._.......PPP#
###.≈≈≈≈...≈~~~.#PPP#
#PP.~~≈≈~~≈~~≈~.PPPP#
#P#..~≈≈≈≈≈≈≈~...PP♣#
#♣PP..~~≈≈≈~~..♣PP#.#
♣.PP..~~~~~...♣.PPP#
#PPP#P.......P.PPP.P#


You could see an oklob plant.

Vanquished Creatures
  Sigmund (D:3)
  A sky beast (D:3)
  Jessica (D:3)
  Terence (D:3)
  3 adders (D:2)
  A shadow imp (D:3)
  3 worms
  5 dart slugs
  2 orcs (D:3)
  5 endoplasms
  2 giant cockroaches
  9 goblins
  7 hobgoblins
  A kobold (D:1)
  3 quokkas
  2 ball pythons
  7 bats
  9 frilled lizards
  5 rats
68 creatures vanquished.

Notes
Turn   | Place    | Note
-------+----------+-------------------------------------------
     0 | D:1      | gelatine the Demonspawn Fighter began the quest for the
                  | Orb.
     0 | D:1      | Reached XP level 1. HP: 18/18 MP: 1/1
    64 | D:1      | Gained mutation: You are partially covered in slimy green
                  | scales. (AC +2) [demonic ancestry]
    64 | D:1      | Reached XP level 2. HP: 19/24 MP: 2/2
   175 | D:1      | Found a faded altar of an unknown god.
   610 | D:2      | Gained mutation: Your demonic aura sometimes causes spilled
                  | blood to erupt in flames. [demonic ancestry]
   610 | D:2      | Reached XP level 3. HP: 28/29 MP: 3/3
   697 | D:2      | You fall into a shaft and drop 1 floor!
   721 | D:3      | Noticed Terence
   738 | D:3      | Killed Terence
   739 | D:3      | Reached XP level 4. HP: 15/35 MP: 4/4
   930 | D:3      | Noticed Jessica
   932 | D:3      | Killed Jessica
   947 | D:3      | Found a blossoming altar of Fedhas.
   961 | D:3      | Noticed an oklob plant
  1323 | D:3      | Noticed Sigmund
  1338 | D:3      | Killed Sigmund
  1339 | D:3      | Reached skill level 1 in Dodging
  1339 | D:3      | Gained mutation: You are mostly covered in slimy green
                  | scales. (AC +3) [demonic ancestry]
  1339 | D:3      | Reached XP level 5. HP: 35/42 MP: 5/5
  1339 | D:3      | Gained mutation: Your touch may inflict minor irresistible
                  | damage on your foes. [demonic ancestry]
  1339 | D:3      | Reached XP level 6. HP: 40/48 MP: 6/6
  1386 | D:3      | Found a stormy altar of Qazlal.
  1386 | D:3      | Noticed a sky beast
  1398 | D:3      | Killed a sky beast
  2139 | D:2      | Reached skill level 1 in Throwing
  2673 | D:3      | Killed from afar by an oklob plant

Illustrated notes

Levels and vault maps discovered:
D:1:      moated_graveyard_arrival, layout_basic,
          dreamdust_ecumenical_altar_angels_and_demons
D:2:      layout_basic, basic_altar, minmay_tetromino_s4
D:3:      layout_loops_ring, tgw_fedhas, nicolae_qazlal_beasts_of_the_sky,
          serial_rivers, chequers_serial_rivers_large_b,
          chequers_serial_rivers_micro_c, chequers_serial_rivers_room_a,
          chequers_serial_rivers_small_a, uniq_sigmund, uniq_terence,
          uniq_jessica

Skill      XL: |  1  2  3  4  5  6 |
---------------+-------------------+-----
Axes           | 2 3 4 |  4.3
Armour         | 3 |  3.8
Shields        | 3 |  3.1
Fighting       | 4 |  4.1
Dodging        | 1 |  1.5
Throwing       | 1 |  1.0
Stealth        | |  0.1

Action                     |  1- 3 |  4- 6 || total
---------------------------+-------+-------++-------
  Melee: War axe           |    93 |   124 ||   217
  Throw: Stone             |     3 |    36 ||    39
    Use: Potion            |       |     1 ||     1
 Armour: Scale mail        |    61 |    89 ||   150
  Dodge: Dodged            |    50 |    46 ||    96
  Block: Buckler           |    30 |    23 ||    53

Table legend: (Time is in decaauts)
 A = Elapsed time spent in this place.
 B = Non-inter-level travel time spent in this place.
 C = Inter-level travel time spent in this place.
 D = Time resting spent in this place.
 E = Time spent auto-exploring this place.
 F = Levels seen in this place.
 G = Mean time per level.
                   A        B        C        D        E       F      G
               +--------+--------+--------+--------+--------+-----+--------+
         Total |   2791 |   2488 |    303 |      0 |   1788 |   3 |  930.3 |
       Dungeon |   2791 |   2488 |    303 |      0 |   1788 |   3 |  930.3 |
               +--------+--------+--------+--------+--------+-----+--------+

Top non-repeatable levels by time:
     D:3: 1429 daAuts
     D:2: 777 daAuts
     D:1: 584 daAuts
